 Dungeon Crawl Stone Soup version 0.23-a0-650-ga4d50d4 (webtiles) character file.

63 Borgoz the Skirmisher (level 3, -13/34 HPs)
             Began as a Minotaur Monk on Jan 2, 2019.
             Mangled by an ogre
             ... wielding a +0 giant club
              (20 damage)
             ... on level 2 of the Dungeon.
             The game lasted 00:02:35 (1073 turns).

Borgoz the Skirmisher (Minotaur Monk)               Turns: 1073, Time: 00:02:35

Health: -13/34     AC:  3    Str: 15    XL:     3   Next: 89%
Magic:  2/2        EV: 14    Int:  7    God:
Gold:   41         SH:  0    Dex: 18    Spells: 2/2 levels left

rFire    . . .     SeeInvis .   a - +0 hand axe
rCold    . . .     Gourm    .   (no shield)
rNeg     . . .     Faith    .   b - +0 robe
rPois    .         Spirit   .   (helmet restricted)
rElec    .         Reflect  .   k - +0 cloak
rCorr    .         Harm     .   (no gloves)
MR       .....                  (no boots)
Stlth    ++........             (no amulet)
HPRegen  0.11/turn              j - +5 ring of dexterity
MPRegen  0.08/turn              (no ring)

@: no status effects
A: retaliatory headbutt, horns 2
a: no special abilities


You were on level 2 of the Dungeon.
You were not hungry.

You visited 1 branch of the dungeon, and saw 2 of its levels.

You collected 41 gold pieces.

Inventory:

Hand Weapons
 a - a +0 hand axe (weapon)
Armour
 b - a +0 robe (worn)
 k - a +0 cloak (worn)
 m - a +0 scale mail
Jewellery
 j - a +5 ring of dexterity (left hand)
Scrolls
 e - 3 scrolls of remove curse {unknown}
 h - 2 scrolls of teleportation {unknown}
 i - a scroll of identify {unknown}
Potions
 d - a potion of curing {unknown}
 f - a potion of agility {unknown}
 g - a potion of heal wounds {unknown}
Comestibles
 c - 5 rations


   Skills:
 + Level 4.4 Fighting
 + Level 4.3 Axes
 + Level 1.2 Armour
 + Level 3.8 Dodging
 - Level 1.7 Stealth


You had 2 spell levels left.
You didn't know any spells.
Your spell library was empty.

Dungeon Overview and Level Annotations

Branches:
Dungeon (2/15)

Altars:


Innate Abilities, Weirdness & Mutations

You reflexively headbutt those who attack you in melee.
You have a pair of horns on your head.


Message History

m - a scale mail You feel sick.
Eat a chunk of flesh? (ye/n/q)
You eat the chunk of flesh.
This raw flesh tastes terrible.
An ogre comes into view. It is wielding a +0 giant club.
You feel sick.
You are no longer poisoned.
The ogre shouts!
The ogre completely misses you. You furiously retaliate!
You headbutt the ogre. You hit the ogre.
The ogre is moderately wounded.
The ogre barely misses you.
You hit the ogre. You headbutt the ogre!
The ogre is severely wounded.
You hit the ogre.
The ogre is almost dead.
You hit the worm.
The ogre hits you with a +0 giant club!!
Ouch! That really hurt!
You die...

#.## #.# #..# #.#
##.# #..
###########.#######
#..........÷.......
#..##...#.†)†####(.
#. #...#....#
#.###..##....#
#O@w...###.....
#.....## #...#...
#.).### #...#....#
#.### ##..# ...# #.
#..# ##.# #. ##..
?. #. #.


You could see an ogre and a worm.

Vanquished Creatures
  2 adders (D:2)
  A dart slug (D:1)
  A leopard gecko (D:1)
  2 ball pythons (D:2)
  2 giant cockroaches (D:1)
  8 hobgoblins
  6 bats
  4 frilled lizards
  2 goblins
  7 kobolds
  8 rats
43 creatures vanquished.

Notes
Turn   | Place    | Note
-------+----------+-------------------------------------------
     0 | D:1      | Borgoz the Minotaur Monk began the quest for the Orb.
     0 | D:1      | Reached XP level 1. HP: 19/19 MP: 0/0
   111 | D:1      | Reached XP level 2. HP: 20/27 MP: 1/1
   337 | D:1      | HP: 1/27 [kobold/stone (3)]
   637 | D:1      | Reached XP level 3. HP: 29/33 MP: 2/2
   985 | D:2      | Reached skill level 1 in Armour
  1067 | D:2      | Noticed an ogre
  1073 | D:2      | Mangled by an ogre

Vault maps used:
D:1:      minmay_arrival_semitransparent
D:2:      minmay_recursive_quarters

Skill      XL: |  1  2  3 |
---------------+----------+-----
Fighting       | 4 |  4.4
Axes           | 4 |  4.3
Armour         | 1 |  1.2
Dodging        | |  3.8
Stealth        | |  1.7

Action                   || total
-------------------------++-------
Melee: Hand axe          ||    83
       Headbutt          ||    17
 Stab: Sleeping          ||     5
       Distracted        ||     1
  Eat: Chunk             ||     1
Armor: Robe              ||     9
Dodge: Dodged            ||    63

Table legend:
 A = Non-vault XP
 B = Vault XP
 C = Vault XP percentage of total XP
 D = Non-vault monster count
 E = Vault monster count
 F = Vault count percentage of total count
                 A         B        C        D         E       F
            +---------+---------+-------+---------+---------+-------
      Total |      76 |      15 |  16.5 |      40 |       3 |   7.0
            +---------+---------+-------+---------+---------+-------
        D:1 |      48 |       0 |   0.0 |      29 |       0 |   0.0
        D:2 |      28 |      15 |  34.9 |      11 |       3 |  21.4
            +---------+---------+-------+---------+---------+-------
